 Dungeon Crawl Stone Soup version 0.20-a0-270-g8e735b6 (webtiles) character file.

79186 snakesoul the Eclecticist (level 15, -9/89 HPs)
             Began as a Deep Elf Fire Elementalist on Dec 9, 2016.
             Was the Champion of Vehumet.
             Mangled by a wyvern (10 damage)
             ... on level 6 of the Lair of Beasts.
             The game lasted 01:52:32 (35599 turns).

snakesoul the Eclecticist (DEFE)                   Turns: 35599, Time: 01:52:32

Health: -9/89      AC: 11    Str: 11    XL:     15   Next: 20%
Magic:  11/41      EV: 12    Int: 27    God:    Vehumet [******]
Gold:   1839       SH:  0    Dex: 15    Spells: 11/54 levels left

rFire  . . .     SeeInvis +     k - +2 whip (flame)
rCold  . . .     Gourm    .     v - +3 leather armour of the Camelopard {+Blink +Fly}
rNeg   . . .     Faith    +     (no shield)
rPois  .         Spirit   .     w - +1 helmet
rElec  +         Reflect  .     C - +0 cloak
rCorr  .         Harm     .     X - +0 pair of gloves of the Slorg {rElec} (curse)
MR     +....                    y - +0 pair of boots
Stlth  +++.......               I - amulet of Rac Kaev {Faith Str+6}
                                P - ring of stealth
                                D - ring of see invisible

@: lethally poisoned (-9 -> -30), delayed fireball, repel missiles
A: no striking features
a: Renounce Religion, Release Delayed Fireball, Evoke Blink, Evoke Flight


You were on level 6 of the Lair of Beasts.
You worshipped Vehumet.
Vehumet was exalted by your worship.
You were not hungry.

You visited 3 branches of the dungeon, and saw 22 of its levels.

You collected 2124 gold pieces.
You spent 285 gold pieces at shops.

Inventory:

Hand Weapons
 k - a +2 whip of flaming (weapon)
Armour
 v - the +3 leather armour of the Camelopard (worn) {+Blink +Fly}
   (You found it on level 12 of the Dungeon)

   It lets you fly.
   It lets you blink.
 w - a +1 helmet (worn)
 y - a +0 pair of boots (worn)
 C - a +0 cloak (worn)
 F - a +2 robe of resistance
 X - the cursed +0 pair of gloves of the Slorg (worn) {rElec}
   (You bought it in a shop on level 2 of the Orcish Mines)

   It insulates you from electricity.
   It has a curse placed upon it.
Jewellery
 D - a ring of see invisible (left hand)
 I - the amulet of Rac Kaev (around neck) {Faith Str+6}
   (You took it off an orc wizard on level 10 of the Dungeon)

   [amulet of faith]

   It allows you to gain divine favour quickly.
   It affects your strength (+6).
 P - a ring of stealth (right hand)
Wands
 E - a wand of lightning (8/15)
 H - a wand of iceblast (6/15)
 L - a wand of lightning (6/15)
 M - a wand of teleportation (5/9)
 Q - a wand of polymorph (18/24)
 V - a wand of lightning (5/15)
 W - a wand of enslavement (12/24)
 Y - a wand of flame (40/48)
Scrolls
 a - 3 scrolls of fog
 d - 7 scrolls of identify
 f - 3 scrolls of magic mapping
 h - 4 scrolls of teleportation
 q - 2 scrolls of enchant weapon
 r - 2 scrolls of enchant armour
 u - 7 scrolls of remove curse
 z - 7 scrolls of blinking
 J - a scroll of silence {unknown}
 O - a scroll of amnesia {unknown}
 S - a scroll of random uselessness {unknown}
Potions
 e - 5 potions of lignification
 l - 5 potions of agility
 n - 7 potions of curing
 p - a potion of magic
 t - 2 potions of brilliance
 x - 3 potions of heal wounds
 A - 3 potions of invisibility
 K - a potion of haste {unknown}
 N - a potion of mutation {unknown}
 R - 2 potions of resistance {unknown}
Books
 b - a book of Flames

   Spells                             Type                      Level
   a - Flame Tongue                   Conjuration/Fire             1
   b - Throw Flame                    Conjuration/Fire             2
   c - Conjure Flame                  Conjuration/Fire             3
   d - Inner Flame                    Hexes/Fire                   3
   e - Sticky Flame                   Conjuration/Fire             4
   f - Fireball                       Conjuration/Fire             5
 i - a book of Minor Magic

   Spells                             Type                      Level
   a - Magic Dart                     Conjuration                  1
   b - Blink                          Translocation                2
   c - Call Imp                       Summoning                    2
   d - Repel Missiles                 Charms/Air                   2
   e - Slow                           Hexes                        2
   f - Conjure Flame                  Conjuration/Fire             3
   g - Mephitic Cloud                 Conjuration/Poison/Air       3
 o - a book of Misfortune

   Spells                             Type                      Level
   a - Confusing Touch                Hexes                        1
   b - Confuse                        Hexes                        3
   c - Gell's Gravitas                Hexes/Translocation          3
   d - Petrify                        Transmutation/Earth          4
   e - Metabolic Englaciation         Hexes/Ice                    5
   f - Yara's Violent Unravelling     Hexes/Transmutation          5
 B - a book of Fire

   Spells                             Type                      Level
   a - Ignite Poison                  Fire/Transmutation/Poison    3
   b - Fireball                       Conjuration/Fire             5
   c - Bolt of Fire                   Conjuration/Fire             6
   d - Delayed Fireball               Conjuration/Fire             7
   e - Ring of Flames                 Charms/Fire                  7
 T - a book of Summonings

   Spells                             Type                      Level
   a - Recall                         Summoning/Translocation      3
   b - Aura of Abjuration             Summoning                    5
   c - Summon Demon                   Summoning                    5
   d - Summon Forest                  Summoning/Translocation      5
   e - Summon Mana Viper              Hexes/Summoning              5
   f - Shadow Creatures               Summoning                    6
 U - a book of Changes

   Spells                             Type                      Level
   a - Beastly Appendage              Transmutation                1
   b - Sticks to Snakes               Transmutation                2
   c - Spider Form                    Transmutation/Poison         3
   d - Ice Form                       Ice/Transmutation            4
   e - Blade Hands                    Transmutation                5
Comestibles
 c - 11 bread rations
 g - 10 meat rations
 j - 3 slices of pizza
 m - 3 royal jellies
 s - 16 fruits
 G - 8 beef jerkies


   Skills:
 + Level 8.9 Fighting
 - Level 2.4 Dodging
 - Level 2.4 Stealth
 * Level 20.1 Spellcasting
 + Level 13.6 Conjurations
 + Level 15.2 Fire Magic


You had 11 spell levels left.
You knew the following spells:

 Your Spells              Type           Power        Failure   Level  Hunger
a - Flame Tongue          Conj/Fire      #####        0%          1    None
b - Conjure Flame         Conj/Fire      #######.     0%          3    None
c - Sticky Flame          Conj/Fire      #######.     1%          4    None
d - Fireball              Conj/Fire      #######...   1%          5    None
e - Repel Missiles        Chrm/Air       ####..       2%          2    None
f - Blink                 Tloc           N/A          2%          2    None
g - Iskenderun's Battles  Conj/Chrm      ######..     1%          5    None
h - Bolt of Fire          Conj/Fire      #######...   1%          6    #......
i - Orb of Destruction    Conj           #######...   2%          7    ####...
j - Delayed Fireball      Conj/Fire      N/A          1%          7    ####...
k - Bolt of Cold          Conj/Ice       ######....   5%          6    #......


Dungeon Overview and Level Annotations

Branches:
Dungeon (14/15)            Temple (0/1) D:4            Lair (6/6) D:8
 Shoals (0/4) Lair:4       Spider (0/4) Lair:3          Orc (2/2) D:9
    Elf (0/3) Orc:2
  Slime: Lair:5-6    Vaults: D:13-14

Altars:
Ashenzari
Cheibriados
Elyvilon
Fedhas
Kikubaaqudgha
Makhleb
Qazlal
Ru
Uskayaw
Vehumet
Xom
Yredelemnul
Zin

Shops:
D:6 *   D:10 *   Orc:2 [(?%


Message History

That beam is likely to hit you.
Continue anyway?
Okay, then.
Unknown command.
Unknown command.
Unknown command.
Casting: Sticky Flame
Confirm with . or Enter, or press ? or * to list all spells.
Aiming: Sticky Flame
Press: ? - help, Shift-Dir - straight line, f - wyvern
Aim: a wyvern The sticky flame hits the wyvern.
The wyvern is moderately wounded.
The wyvern is covered in liquid flames!
* * * LOW HITPOINT WARNING * * *
You feel very sick.
The wyvern burns!
The wyvern bites you but does no damage.
* * * LOW HITPOINT WARNING * * *
You feel sick.
The wyvern burns!
The wyvern bites you!
You die...

P..#.#....##....##.##
...................##
.......÷...........P#
........÷...........#
...................P##
.....÷.÷.............#
.......÷............##
....<..÷............#
................@..P#
................l..##
....................#
....P##..P..........#
..PP.#...PP.........##
....##....##.......#.#
....#....###P......###
...##...##..........#
...#...##...........#


You could see a wyvern (burning).

Vanquished Creatures
  A stone giant (D:9)
  Snorg (Lair:5)
  The ghost of Duffy the Fighter, a journeyman DgGl (Lair:2)
  6 hydras
  Erolcha (Orc:1)
  A centaur warrior (D:12)
  7 orc high priests
  A necromancer (D:13)
  Pikel (D:3)
  9 orc knights
  The ghost of bear the Slasher, a novice FoFi of Okawaru (D:6)
  10 hill giants
  2 cyclopes (D:12)
  2 oklob plants
  A wolf spider (D:13)
  2 orc sorcerers (Orc:1)
  An ugly thing (D:11)
  13 elephants
  A merfolk siren (Lair:4)
  Joseph (D:8)
  A torpor snail (Lair:6)
  2 molten gargoyles (Lair:4)
  7 black mambas
  A gargoyle (D:10)
  11 spiny frogs
  3 centaur skeletons
  4 rime drakes
  A kobold demonologist (D:12)
  3 komodo dragons
  7 trolls
  5 polar bears
  A jumping spider (Lair:3)
  3 hornets
  A two-headed ogre (D:9)
  Prince Ribbit (D:8)
  6 dream sheep (Lair:5)
  13 hippogriffs
  A meliai zombie (D:10)
  A slime creature (D:13)
  A spriggan (D:7)
  A wraith (D:12)
  A redback (Lair:6)
  A shadow (D:12)
  5 wyverns (Lair:6)
  41 yaks
  2 basilisks
  12 humans (D:13)
  A hungry ghost (D:9)
  A steam dragon (D:8)
  11 vampire mosquitoes
  A soldier ant (D:12)
  4 wargs
  25 water moccasins
  12 porcupines
  3 black bears
  6 ice beasts
  An eye of draining (D:8)
  7 sky beasts
  2 slaves
  3 phantoms
  47 orc warriors
  A swamp drake (D:9)
  13 ogres
  11 wolves
  2 necrophages
  6 crocodiles
  14 centaurs
  19 bullfrogs
  6 big kobolds
  2 wyvern zombies
  4 scorpions
  A vampire bat (D:8)
  9 killer bees
  6 howler monkeys
  5 wights (D:12)
  An electric eel (Lair:2)
  4 crimson imps
  A quasit (D:10)
  A bullfrog zombie (D:12)
  5 lava snakes (Lair:4)
  3 jellies
  38 orc priests
  3 centaur zombies
  10 hounds
  34 orc wizards
  3 bullfrog skeletons
  A gnoll shaman (D:7)
  4 iguanas
  8 worker ants
  5 hell rats (Lair:6)
  A hound zombie (D:5)
  2 worker ant zombies
  Robin (D:3)
  13 adders
  3 gnolls
  5 shadow imps
  3 oozes
  2 adder skeletons
  2 adder zombies
  A worm (D:2)
  2 dart slugs
  6 leopard geckos
  120 orcs
  15 bats
  8 giant cockroaches
  13 goblins
  10 hobgoblins
  5 jackals (D:1)
  5 quokkas
  9 frilled lizards
  A jackal skeleton (D:6)
  31 kobolds
  9 rats
  A butterfly (Lair:4)
  2 fungi (Lair:1)
  2 plants
815 creatures vanquished.

Vanquished Creatures (others)
  A two-headed ogre (Orc:1)
  An orc warrior (D:9)
  A dart slug (D:4)
  3 bushes (Lair:6)
  27 fungi
  12 plants
45 creatures vanquished.

Grand Total: 860 creatures vanquished

Notes
Turn   | Place    | Note
-------+----------+-------------------------------------------
     0 | D:1      | snakesoul the Deep Elf Fire Elementalist began the quest for the Orb.
     0 | D:1      | Reached XP level 1. HP: 10/10 MP: 6/6
   208 | D:1      | Reached XP level 2. HP: 12/15 MP: 4/8
   723 | D:1      | Reached XP level 3. HP: 10/19 MP: 0/10
  1533 | D:2      | Reached skill level 4 in Spellcasting
  1761 | D:2      | Found a glowing silver altar of Zin.
  1770 | D:2      | Reached XP level 4. HP: 24/24 MP: 10/12
  2059 | D:2      | Learned a level 3 spell: Conjure Flame
  2064 | D:2      | Learned a level 4 spell: Sticky Flame
  2238 | D:2      | Found a shimmering altar of Xom.
  2841 | D:3      | Noticed Robin
  2861 | D:3      | Killed Robin
  3112 | D:3      | Noticed an earth elemental
  3114 | D:3      | Found a stormy altar of Qazlal.
  3115 | D:3      | Noticed an air elemental
  3115 | D:3      | Noticed a fire elemental
  3115 | D:3      | Noticed a water elemental
  3374 | D:3      | Reached XP level 5. HP: 26/28 MP: 8/13
  3814 | D:4      | Noticed Pikel
  3814 | D:4      | Noticed a slave
  3814 | D:4      | Noticed a slave
  3814 | D:4      | Noticed a slave
  3816 | D:4      | Noticed a slave
  3821 | D:4      | Killed a slave
  4034 | D:3      | Killed a slave
  4299 | D:3      | HP: 1/28 [Pikel/whip of flaming (2)]
  4301 | D:3      | Killed Pikel
  4301 | D:3      | Reached skill level 6 in Spellcasting
  4301 | D:3      | Reached skill level 5 in Fire Magic
  4301 | D:3      | Reached XP level 6. HP: 1/32 MP: 0/17
  4301 | D:3      | Reached XP level 7. HP: 1/36 MP: 0/18
  4618 | D:4      | Found a blossoming altar of Fedhas.
  4619 | D:4      | Found an ancient bone altar of Kikubaaqudgha.
  4632 | D:4      | Found a radiant altar of Vehumet.
  4638 | D:4      | Became a worshipper of Vehumet
  4665 | D:4      | Found a basalt altar of Yredelemnul.
  4665 | D:4      | Found a shimmering altar of Xom.
  5066 | D:4      | Found a staircase to the Ecumenical Temple.
  5224 | D:4      | Found a sacrificial altar of Ru.
  5336 | D:5      | Entered Level 5 of the Dungeon
  5987 | D:5      | Reached skill level 7 in Spellcasting
  5987 | D:5      | Reached XP level 8. HP: 32/41 MP: 8/20
  6156 | D:5      | Learned a level 5 spell: Fireball
  6556 | D:6      | Found Sanus's Assorted Antiques.
  6677 | D:6      | Noticed bear's ghost (novice FoFi)
  6705 | D:6      | Killed bear's ghost
  6705 | D:6      | Reached skill level 8 in Spellcasting
  6898 | D:6      | Learned a level 2 spell: Repel Missiles
  6929 | D:5      | Reached XP level 9. HP: 27/45 MP: 12/23
  7330 | D:6      | Reached * piety under Vehumet
  7330 | D:6      | Offered knowledge of Freeze by Vehumet.
  7929 | D:7      | Reached skill level 9 in Spellcasting
  8156 | D:7      | Found a shattered altar of Ashenzari.
  8182 | D:7      | Reached skill level 10 in Conjurations
  8849 | D:8      | Noticed Prince Ribbit
  8858 | D:8      | Killed Prince Ribbit
  8858 | D:8      | Reached skill level 10 in Spellcasting
  9334 | D:8      | Reached XP level 10. HP: 39/50 MP: 20/26
  9412 | D:8      | Found a staircase to the Lair.
  9436 | D:8      | Reached skill level 10 in Fire Magic
  9620 | D:8      | Reached ** piety under Vehumet
  9988 | D:8      | Offered knowledge of Sting by Vehumet.
 10053 | D:8      | Found a glowing silver altar of Zin.
 10178 | D:8      | Noticed a dagger
 10178 | D:8      | Noticed a dagger
 10180 | D:8      | Found a hide-covered altar of Uskayaw.
 10182 | D:8      | Noticed Joseph
 10209 | D:8      | Killed Joseph
 10714 | D:8      | Learned a level 2 spell: Blink
 10746 | D:8      | Found a snail-covered altar of Cheibriados.
 10831 | D:8      | Reached skill level 11 in Spellcasting
 11138 | D:8      | Found a burning altar of Makhleb.
 11138 | D:8      | Noticed a cacodemon
 11464 | D:9      | Reached skill level 1 in Fighting
 11639 | D:9      | Offered knowledge of Searing Ray by Vehumet.
 11643 | D:9      | Reached skill level 12 in Spellcasting
 11855 | D:9      | Found a white marble altar of Elyvilon.
 11858 | D:9      | Reached *** piety under Vehumet
 11915 | D:8      | Offered knowledge of Dazzling Spray by Vehumet.
 12891 | D:9      | Reached XP level 11. HP: 39/59 MP: 4/29
 13056 | D:9      | Reached **** piety under Vehumet
 13070 | D:9      | Found a staircase to the Orcish Mines.
 13200 | D:10     | Entered Level 10 of the Dungeon
 13252 | D:10     | Offered knowledge of Poisonous Cloud by Vehumet.
 13252 | D:10     | Reached skill level 13 in Spellcasting
 13410 | D:10     | Noticed a hill giant
 13432 | D:10     | HP: 3/60 [poisoned by a hornet]
 13438 | D:10     | HP: 2/60 [poisoned by a hornet]
 13446 | D:10     | HP: 2/60 [poisoned by a hornet]
 13505 | D:10     | Noticed a hill giant
 13726 | D:10     | Noticed a hill giant
 13729 | D:10     | Killed a hill giant
 13846 | D:10     | Found Dicuq's General Store.
 13980 | D:10     | Killed a hill giant
 13998 | D:10     | Reached skill level 14 in Spellcasting
 14398 | D:10     | Noticed a four-headed hydra
 14411 | D:10     | Killed a four-headed hydra
 14563 | D:10     | Killed a hill giant
 14802 | D:10     | Got a scorched steel amulet
 14907 | D:11     | Noticed a hill giant
 14911 | D:11     | Killed a hill giant
 14911 | D:11     | Reached skill level 15 in Spellcasting
 15323 | D:11     | Noticed a hill giant
 15329 | D:11     | Killed a hill giant
 15329 | D:11     | Reached skill level 5 in Fighting
 15729 | D:11     | Noticed a brown ugly thing
 15732 | D:11     | Killed a brown ugly thing
 15992 | D:11     | Reached ***** piety under Vehumet
 16014 | D:11     | Offered knowledge of Freezing Cloud by Vehumet.
 16196 | D:12     | Reached XP level 12. HP: 68/68 MP: 17/33
 16741 | D:11     | Identified the amulet of Rac Kaev {Faith Str+6} (You took it off an orc wizard on level 10 of the Dungeon)
 16908 | D:12     | Reached skill level 16 in Spellcasting
 17182 | D:12     | Noticed a centaur warrior
 17186 | D:12     | Killed a centaur warrior
 17193 | D:12     | Noticed a four-headed hydra
 17211 | D:12     | Killed a four-headed hydra
 17495 | D:12     | Noticed an eight-headed hydra
 17510 | D:12     | Killed an eight-headed hydra
 17697 | D:12     | Got a fine leather armour
 17698 | D:12     | Identified the +3 leather armour of the Camelopard {+Blink +Fly} (You found it on level 12 of the Dungeon)
 18157 | D:12     | Offered knowledge of Iskenderun's Battlesphere by Vehumet.
 18396 | D:13     | Reached skill level 17 in Spellcasting
 18585 | D:12     | Learned a level 5 spell: Iskenderun's Battlesphere
 18592 | D:12     | Learned a level 6 spell: Bolt of Fire
 18626 | D:13     | Found a blossoming altar of Fedhas.
 18643 | D:13     | Reached XP level 13. HP: 75/75 MP: 15/36
 19346 | Lair:1   | Entered Level 1 of the Lair of Beasts
 21309 | Lair:2   | Noticed Duffy's ghost (journeyman DgGl)
 22666 | Lair:3   | Found a hole to the Spider Nest.
 23212 | Lair:3   | Offered knowledge of Orb of Destruction by Vehumet.
 23221 | Lair:3   | Learned a level 7 spell: Orb of Destruction
 23889 | Lair:2   | Killed Duffy's ghost
 24309 | Lair:4   | Learned a level 7 spell: Delayed Fireball
 24678 | Lair:4   | Found a staircase to the Shoals.
 24682 | Lair:4   | Reached skill level 18 in Spellcasting
 25502 | Lair:5   | Noticed Snorg
 25516 | Lair:5   | Killed Snorg
 25862 | Lair:5   | Reached XP level 14. HP: 83/83 MP: 23/38
 26074 | Lair:5   | Offered knowledge of Bolt of Magma by Vehumet.
 27382 | Orc:1    | Entered Level 1 of the Orcish Mines
 27382 | Orc:1    | Noticed a stone giant
 27877 | D:9      | Killed a stone giant
 29505 | Orc:1    | Noticed Erolcha
 29508 | Orc:1    | Killed Erolcha
 29751 | Orc:2    | Entered Level 2 of the Orcish Mines
 30188 | Orc:2    | Offered knowledge of Spellforged Servitor by Vehumet.
 30376 | Orc:2    | Found a staircase to the Elven Halls.
 30548 | Orc:2    | Reached skill level 19 in Spellcasting
 31918 | Orc:2    | Offered knowledge of Conjure Ball Lightning by Vehumet.
 33154 | Orc:2    | Found Yluuvitall's Weapon Shop.
 33157 | Orc:2    | Found Kaohun's Magic Scroll Boutique.
 33158 | Orc:2    | Found Zusiteu's Antique Armour Shop.
 33159 | Orc:2    | Found Leuf's Food Shop.
 33170 | Orc:2    | Bought a pair of spiked gloves for 285 gold pieces
 33175 | Orc:2    | Identified the cursed +0 pair of gloves of the Slorg {rElec} (You bought it in a shop on level 2 of the Orcish Mines)
 33433 | Lair:6   | Entered Level 6 of the Lair of Beasts
 33822 | Lair:5   | Offered knowledge of Bolt of Cold by Vehumet.
 33822 | Lair:5   | Reached skill level 15 in Fire Magic
 33836 | Lair:5   | Learned a level 6 spell: Bolt of Cold
 34224 | Lair:6   | Reached XP level 15. HP: 89/89 MP: 17/40
 34830 | Lair:6   | Reached skill level 20 in Spellcasting
 35043 | Lair:6   | Reached ****** piety under Vehumet
 35598 | Lair:6   | HP: 3/89 [poisoned by a black mamba]
 35599 | Lair:6   | HP: 1/89 [poisoned by a black mamba]
 35599 | Lair:6   | Mangled by a wyvern

Vault maps used:
D:1:      dpeg_arrival_stone_temple_mockup, serial_bayou_lake_a
D:2:      zin_academy, xom_teletrap_fun
D:3:      nicolae_qazlal_style_of_elements, uniq_robin
D:4:      lemuel_round_altar, nicolae_overflow_hidden_temple, first_bread,
          eino_tiny_chamber, kennysheep_generic_room_14, uniq_pikel
D:6:      serial_shops, nicolae_shop_behind_doors
D:7:      nicolae_overflow_crystal_walls, the_bakery
D:8:      dancing_weapons_uskayaw, makhleb_altar_promises_db, slow_altar_1,
          due_lair_maze_entry_diamond, basic_altar, roderic_batcave,
          uniq_joseph, uniq_prince_ribbit1
D:9:      elyvilon_altar_5, erik_orc_1
D:10:     serial_shops, shop
D:11:     st_stairs_12
D:12:     minmay_blocky_corners
D:13:     grunt_vaults_entry_tiered, fedhas_altar_2
D:14:     nicolae_trove_entry_path_of_doom
Lair:1:   cheibrodos_lair_lostbears
Lair:2:   wad_woods_river_01
Lair:3:   spider_nest_entry_rubble
Lair:4:   cheibrodos_magma_flow, elwin_shoals_entry_rooms,
          eino_small_chamber_without_monster, lemuel_fruit_fields
Lair:5:   uniq_snorg
Lair:6:   hangedman_lair_tendril_chambers, dpeg_slime_entry_enclosed_altar
Orc:1:    nicolae_orc_crystal_geode, uniq_erolcha
Orc:2:    st_orc_pillars

Skill      XL: |  1  2  3  4  5  6  7  8  9 10 11 12 13 14 15 |
---------------+----------------------------------------------+-----
Conjurations   | 2 3 6 7 9 10 11 12 13 | 13.6
Spellcasting   | 4 6 7 8 10 12 15 17 18 19 20 | 20.1
Fire Magic     | 4 5 7 9 11 12 14 15 | 15.2
Fighting       | 2 5 6 7 8 |  8.9
Dodging        | |  2.4
Stealth        | |  2.4

Action                   |  1- 3 |  4- 6 |  7- 9 | 10-12 | 13-15 || total
-------------------------+-------+-------+-------+-------+-------++-------
Melee: Spear             |     7 |       |       |       |       ||     7
       Whip              |     3 |     9 |   119 |    32 |    15 ||   178
 Cast: Flame Tongue      |    63 |    91 |   129 |   391 |   485 ||  1159
       Sticky Flame      |       |     7 |    34 |    91 |   117 ||   249
       Conjure Flame     |       |     1 |     1 |     4 |       ||     6
       Fireball          |       |       |    17 |   122 |    95 ||   234
       Repel Missiles    |       |       |     1 |     3 |       ||     4
       Blink             |       |       |       |     2 |     2 ||     4
       Iskenderun's Batt |       |       |       |     1 |    15 ||    16
       Orb of Destructio |       |       |       |       |    62 ||    62
       Bolt of Fire      |       |       |       |       |   109 ||   109
       Delayed Fireball  |       |       |       |       |     1 ||     1
  Use: Scroll            |     1 |     1 |     6 |     9 |     4 ||    21
       Potion            |       |       |       |     3 |     2 ||     5
 Stab: Sleeping          |       |     1 |       |       |       ||     1
  Eat: Chunk             |     3 |     7 |    16 |    26 |    52 ||   104
       Meat ration       |       |       |     1 |     1 |       ||     2
       Bread ration      |       |       |       |     1 |     4 ||     5
       Fruit             |       |       |       |       |     1 ||     1
Armor: Robe              |     7 |     1 |    79 |    62 |       ||   149
       Leather armour    |       |    12 |       |     7 |    84 ||   103
       Skin              |       |       |       |     4 |       ||     4
Dodge: Dodged            |    38 |    35 |   150 |   196 |   213 ||   632
       Deflected         |       |       |     2 |     7 |     4 ||    13
